Map: Kairos Junction LE

Players

Genghiskhan - Winner!

  • Race: Zerg Zerg
  • League: Gold
  • Spawn Location: 5:00

TiPtOP

  • Race: Terran Terran
  • League: Silver
  • Spawn Location: 11:00

VOD

Have the link to the VOD?

Description

Time

  • Played on: Aug. 20, 2019, 6:25 a.m.
  • Length: 4:51
Show
View Real Time Build Order
Export as new Build Order

Genghiskhan Zerg - Winner!

Build Orders: Pool Only 

Get SALT Encoding   

  12  0:21  Spawning Pool  
  12  0:22  Drone  
  12  0:26  Drone  
  13  0:31  Drone  
  14  0:36  Extractor  
  13  0:45  Overlord  
  13  1:08  Zergling x4  
  13  1:09  Zergling x2  
  13  1:10  Queen  
  18  1:20  Zergling x2  
  19  1:31  Zergling x2  
  20  1:37  Metabolic Boost  
  20  1:41  Zergling x2  
  21  1:53  Zergling x2  
  22  2:13  Overlord  
  22  2:32  Zergling x4  
  22  2:33  Zergling x4  
  22  2:35  Lair  
  25  3:07  Roach Warren  
  25  3:12  Zergling x10  
  29  3:19  Overlord  
  29  3:39  Nydus Network  
  28  3:44  Zergling x2  
  29  3:58  Zergling x2  
  29  3:59  Zergling x2  
  31  4:04  Drone  
  32  4:14  Drone  
  33  4:22  Nydus Canal  
  33  4:27  Zergling x2  
  33  4:31  Drone  
  35  4:34  Drone  
Show
View Real Time Build Order
Export as new Build Order

TiPtOP Terran 

Build Orders:  

Get SALT Encoding   

  12  0:01  SCV  
  13  0:13  SCV  
  14  0:20  Supply Depot  
  14  0:33  SCV  
  15  0:44  Barracks  
  15  0:45  SCV  
  15  0:48  Refinery  
  16  0:57  SCV  
  17  1:09  SCV  
  18  1:21  SCV  
  19  1:25  Supply Depot  
  19  1:35  Orbital Command  
  19  1:53  Command Center  
  19  1:59  Marine  
  19  2:16  Bunker  
  19  2:20  Marine  
  18  3:03  SCV  
  19  3:12  Refinery  
  19  3:15  SCV  
  19  3:17  Marine  
  21  3:29  Factory  
  21  3:30  SCV  
  22  3:41  Barracks Tech Lab  
  22  3:42  SCV  
  23  3:54  SCV  
  24  4:02  Engineering Bay  
  24  4:03  Marine  
  25  4:17  Factory  
  28  4:49  Barracks Reactor  
Tags
 
Add a new tag
Caveats
  • Supply blocks, unpowered buildings, or Contaminate may cause inaccurate times.
  • Supply counts are checked every 10 seconds.